 Dungeon Crawl Stone Soup version 0.30.0-30-g96aa6591b8 (webtiles) character file.

Game seed: 4363599089750427448

22743 monsoonserge the Slicer (level 12, -22/97 HPs)
             Began as a Green Draconian Conjurer on June 26, 2023.
             Was a High Priest of Sif Muna.
             Annihilated by a reaper
             ... wielding a +4 heavy scythe
              (28 damage)
             ... in a Gauntlet.
             The game lasted 01:29:30 (15407 turns).

monsoonserge the Slicer (Green Draconian Conjurer) Turns: 15407, Time: 01:29:31

Health: -22/97     AC: 12    Str:  8    XL:     12   Next: 65%
Magic:  0/19       EV: 16    Int: 29    God:    Sif Muna [*****.]
Gold:   1455       SH:  0    Dex: 16    Spells: 4/21 levels left

rFire   . . .        a - +6 short sword "Finet" {freeze, rN+ Dex+6}
rCold   x . .        T - orb {mayhem}
rNeg    + . .        (body armour unavailable)
rPois   +            S - +2 hat of the Bear Spirit {Spirit, Bear, *Rage Will++}
rElec   .            E - +1 cloak
rCorr   +            (no gloves)
SInv    .            (no boots)
Will    ++...        K - amulet of magic regeneration
Stlth   ++++         j - ring of Robojipe {Fly rPois rC- rCorr Str-2 Int+6}
HPRegen 0.36/turn    (no ring)
MPRegen 0.56/turn

%: no teleportation, random rage (20%), mayhem, guardian spirit
@: on berserk cooldown, flying, slowed, very slow
A: breathe noxious fumes, AC +8, unfitting armour, poison resistance,
cold-blooded
a: Breathe Noxious Fumes, Renounce Religion, Channel Magic, Forget Spell, Divine
Exegesis


You were in a Gauntlet.
You worshipped Sif Muna.
Sif Muna was extremely pleased with you.
You visited 2 branches of the dungeon, and saw 14 of its levels.
You also visited: Trove, Bailey and Gauntlet.

You collected 2099 gold pieces.
You spent 644 gold pieces at shops.

Inventory:

Hand Weapons
 a - the +6 short sword "Finet" (weapon) {freeze, rN+ Dex+6}
   (You found it on level 5 of the Dungeon)

   Dex:       It affects your dexterity (+6).
   rN:        It protects you from negative energy.
 b - a +2 sling of draining
 V - a +1 longbow of flaming
Missiles
 i - 30 poisoned darts (quivered)
 o - 3 throwing nets
 M - a curare-tipped dart
 P - 6 boomerangs
Armour
 E - a +1 cloak (worn)
 S - the +2 hat of the Bear Spirit (worn) {Spirit, Bear, *Rage Will++}
   (You found it in a bailey)

   Bear:      Going berserk makes the wearer exceptionally tough, and they are
   slowed for a shorter time afterward.
   *Rage:     It berserks you when you make melee attacks (+20% chance).
   Will:      It greatly increases your willpower.
 T - an orb of mayhem (worn)
Magical Staves
 W - a staff of fire
Jewellery
 j - the ring of Robojipe (left hand) {Fly rPois rC- rCorr Str-2 Int+6}
   (You found it on level 2 of the Dungeon)

   [ring of intelligence]

   Str:       It affects your strength (-2).
   Int:       It affects your intelligence (+6).
   rC:        It makes you vulnerable to cold.
   rPois:     It protects you from poison.
   Fly:       It grants you flight.
   rCorr:     It protects you from acid and corrosion.
 x - a ring of resist corrosion
 K - an amulet of magic regeneration (around neck)
 X - the ring of the Commoners {rPois rN++ Will- Str+3 Dex+6}
   (You found it in a Gauntlet)

   [ring of dexterity]

   Str:       It affects your strength (+3).
   Dex:       It affects your dexterity (+6).
   rPois:     It protects you from poison.
   rN:        It greatly protects you from negative energy.
   Will:      It decreases your willpower.
Wands
 d - a wand of iceblast (11)
 y - a wand of quicksilver (14)
 A - a wand of flame (21)
 J - a wand of charming (24)
 N - a wand of polymorph (8)
 U - a wand of digging (8)
Scrolls
 c - a scroll of silence {unknown}
 e - a scroll of blinking
 g - 6 scrolls of immolation
 k - 8 scrolls of teleportation
 p - 3 scrolls of torment
 u - 3 scrolls of enchant armour
 v - 6 scrolls of poison
 z - 3 scrolls of fear
 D - 2 scrolls of fog {unknown}
 F - 2 scrolls of enchant weapon {unknown}
 H - 3 scrolls of vulnerability {unknown}
 I - a scroll of brand weapon {unknown}
 O - 5 scrolls of magic mapping {unknown}
 R - 2 scrolls of amnesia {unknown}
Potions
 f - 4 potions of magic
 h - 2 potions of heal wounds
 l - 3 potions of mutation
 m - a potion of might {unknown}
 n - 8 potions of curing
 q - 3 potions of berserk rage
 r - 3 potions of lignification
 s - a potion of flight
 t - a potion of cancellation
 w - 4 potions of invisibility
 B - 3 potions of haste
 C - 2 potions of resistance
 G - a potion of brilliance
 L - a potion of ambrosia
Miscellaneous
 Q - a box of beasts (inert)


   Skills:
 + Level 6.7 Fighting
 + Level 8.9 Short Blades
 + Level 2.9 Ranged Weapons
 + Level 7.4 Dodging
 + Level 8.4 Stealth
 - Level 5.0 Spellcasting
 + Level 8.5 Conjurations
 - Level 3.0 Hexes
 - Level 1.0 Air Magic
 * Level 7.1 Poison Magic
 + Level 8.4 Invocations
 - Level 4.0 Evocations


You had 4 spell levels left.
You knew the following spells:

 Your Spells              Type           Power      Damage    Failure   Level
a - Magic Dart            Conj           100%       1d8       1%          1
b - Searing Ray           Conj           100%       2d8       1%          2
c - Mephitic Cloud        Conj/Pois/Air  39%        N/A       1%          3
d - Dazzling Flash        Conj/Hex       80%        N/A       1%          3
e - Fulminant Prism       Conj/Hex       20%        3d12      6%          4
f - Olgreb's Toxic Radia  Pois           48%        N/A       3%          4

Your spell library contained the following spells:

 Spells                   Type           Power      Damage    Failure   Level
 Kiss of Death            Conj/Necr      100%       2d13      1%          1
 Stone Arrow              Conj/Erth      62%        3d10      3%          3
 Spider Form              Tmut/Pois      27%        N/A       4%          3
 Confusing Touch          Hex            24%        N/A       5%          3
 Apportation              Tloc           14%        N/A       6%          1
 Beastly Appendage        Tmut           14%        N/A       6%          1
 Necrotise                Necr           28%        1d5       6%          1
 Sandblast                Erth           14%        2d6       6%          1
 Summon Small Mammal      Summ           28%        N/A       6%          1
 Call Imp                 Summ           14%        N/A       10%         2
 Passwall                 Tmut/Erth      5%         N/A       10%         2
 Sublimation of Blood     Necr           7%         N/A       10%         2
 Wereblood                Tmut           7%         N/A       10%         2
 Iskenderun's Mystic Bla  Conj/Tloc      31%        2d8       11%         4
 Vhi's Electric Charge    Tloc/Air       20%        N/A       16%         3
 Dispel Undead            Necr           7%         3d8       52%         4
 Iskenderun's Battlesphe  Conj           54%        2d10      5%          5
 Arcjolt                  Conj/Air       17%        1d27      24%         5
 Fireball                 Conj/Fire      15%        3d8       30%         5
 Conjure Ball Lightning   Conj/Air       17%        3x3d6     80%         6
 Orb of Destruction       Conj           27%        9d9       85%         7
 Plasma Beam              Fire/Air       5%         2x1d17    100%        6
 Summon Hydra             Summ           3%         N/A       100%        7
 Discord                  Hex            12%        N/A       100%        8
 Ignition                 Fire           3%         3d4       100%        8
 Lehudib's Crystal Spear  Conj/Erth      15%        10d5      100%        8
 Animate Armour           Summ/Erth      Unusable   N/A       N/A         4

Dungeon Overview and Level Annotations

Branches:
Dungeon (13/15)            Temple (1/1) D:5            Lair (0/5) D:8
    Orc (0/2) D:12         Bailey (visited)         Gauntlet (1/1)
 Vaults: D:13-14

Altars:
Ashenzari
Cheibriados
Dithmenos
Elyvilon
Fedhas
Hepliaklqana
Nemelex Xobeh
Okawaru
Sif Muna
Vehumet
Wu Jian
Yredelemnul
The Shining One

Shops:
D:11 (:*([   D:12 *

Annotations:
Gauntlet 9 transporters, exclusion: oklob plant


Innate Abilities, Weirdness & Mutations

You can breathe blasts of noxious fumes.
Your lurid green scales are hard. (AC +8)
You cannot fit into any form of body armour.
Your system is resistant to poisons. (rPois)
You are cold-blooded and may be slowed by cold attacks.


Message History

You can't see that place. [a net trap.]
A red film seems to cover your vision as you go berserk!
You feel yourself moving faster!
You feel mighty!
You closely miss the hellwing.
Your tail-slap misses the hellwing.
Unknown command.
You puncture the hellwing! You freeze the hellwing. You tail-slap the hellwing.
The hellwing is moderately wounded.
The hellwing hits you but does no damage.
The hellwing closely misses you.
You puncture the hellwing! You freeze the hellwing. You tail-slap the hellwing!
The hellwing is heavily wounded.
You hit the hellwing. You freeze the hellwing.
The hellwing is severely wounded.
The reaper hits you from afar with a +4 heavy scythe!!
* * * LOW HITPOINT WARNING * * *
Unknown command.
You barely miss the hellwing.
The hellwing is severely wounded.
The hellwing misses you. The hellwing closely misses you.
You puncture the hellwing! You freeze the hellwing.
The hellwing is almost dead.
You hit the hellwing but do no damage.
You tail-slap the hellwing, but do no damage.
The hellwing is almost dead.
You puncture the hellwing! You freeze the hellwing.
You kill the hellwing!
Sif Muna accepts your kill.
The reaper flies into a frenzy!
The reaper hits you from afar with a +4 heavy scythe!!!
* * * LOW HITPOINT WARNING * * *
You feel a strong urge to attack something.
You feel your anger nearly subside.
You are no longer berserk.
You are exhausted.
You feel yourself slow down.
Blink to where?
Press: ? - help, Dir - move target
As you read the scroll of blinking, it crumbles to dust.
The reaper hits you from afar with a +4 heavy scythe!!
You die...

##.##(#...#..#...#.=#..#...##
###.#D#...#.........#..#.8...
...##.#...#.........#..#...#.
#######...###########..#...#
........≈.............§#.©.#
.......≈8≈..........§§§#...#
........≈...........§§§#.©.#
#######...###########..#...#
.#.^#.#...#...#.@...#§.#...#.
#P.#P[#...#..#2.##^.#..#.8...
P.#..######..##..#.!#..#...##
.#P.#.#...#..#..##..#..#.8...
#P^#.©#©.©#..##©.#.©#..#...##
.#..#.#...#..#..##.?#..#≈8≈#
P.#P.######..##.^#.[#..#####
#P.#..#...#..#..##^.#..###
.#.^#.#.8.#...#..^..#..#8#


You could see a neutral reaper (fast, strong, insane).

Vanquished Creatures
  Nessos (D:13)
  Harold (D:10)
  A hydra (D:13)
  A vault guard (D:10)
  A catoblepas (D:13)
  2 two-headed ogres (D:10)
  3 centaur warriors (D:13)
  An orange crystal statue (Gauntlet)
  A deep elf pyromancer (D:13)
  An orc knight (Bailey)
  3 cyclopes (D:12)
  3 manticores
  An ugly thing (D:13)
  An elephant (D:7)
  An efreet (D:13)
  A komodo dragon (D:12)
  A kobold demonologist (D:10)
  2 trolls (D:12)
  A hellwing (Gauntlet)
  Grinder (D:6)
  Sigmund (D:4)
  10 yaks
  2 shadows
  A basilisk (shapeshifter) (D:13)
  2 wyverns
  4 fire bats (D:9)
  8 humans (D:13)
  2 vampire mosquitoes (D:13)
  Menkaure (D:4)
  2 acid dragons
  A hell hound (D:9)
  An ice beast (D:4)
  18 orc warriors
  A sky beast (D:6)
  4 black bears
  2 ogres (D:5)
  7 centaurs
  6 kobold brigands
  A scorpion (D:3)
  6 wights
  14 killer bees
  3 jellies
  4 howler monkeys
  2 lava snakes (D:9)
  3 hounds (D:5)
  3 orc priests
  A gnoll bouda (D:7)
  A sleepcap (D:7)
  Ijyb (D:4)
  An iguana (D:6)
  9 orc wizards
  8 gnolls
  9 adders
  2 white imps (D:6)
  A worm (D:3)
  3 dart slugs (D:2)
  60 orcs
  11 ball pythons
  6 endoplasms
  2 giant cockroaches
  11 goblins
  10 hobgoblins
  A jackal (D:1)
  27 kobolds
  4 quokkas
  6 bats
  2 frilled lizards (D:1)
  14 rats
  3 fire vortices (D:9)
  A fulminant prism (D:13)
331 creatures vanquished.

Vanquished Creatures (collateral kills)
  2 humans (D:13)
  A vampire mosquito (D:13)
  An orc priest (D:12)
  4 orcs (D:12)
8 creatures vanquished.

Vanquished Creatures (others)
  A human (D:13)
  A vampire mosquito (D:13)
  A centaur (D:13)
  8 fulminant prisms
11 creatures vanquished.

Grand Total: 350 creatures vanquished

Notes
Turn   | Place    | Note
-------+----------+-------------------------------------------
     0 | D:1      | monsoonserge the Draconian Conjurer began the quest for the
                  | Orb.
     0 | D:1      | Reached XP level 1. HP: 14/14 MP: 3/3
   430 | D:1      | Reached XP level 2. HP: 16/20 MP: 1/5
   449 | D:1      | Learned a level 2 spell: Searing Ray
   795 | D:1      | Reached XP level 3. HP: 17/22 MP: 0/6
   858 | D:1      | Found a shimmering blue altar of Sif Muna.
   866 | D:1      | Became a worshipper of Sif Muna the Loreminder
  1262 | D:2      | Identified the ring of Robojipe {Fly rPois rC- rCorr Str-2
                  | Int+6}
  1320 | D:2      | Found a faded altar of an unknown god.
  1403 | D:2      | Found a hazy altar of Hepliaklqana.
  1414 | D:2      | Reached skill level 5 in Conjurations
  1551 | D:2      | Learned a level 3 spell: Mephitic Cloud
  1603 | D:2      | Reached XP level 4. HP: 33/33 MP: 7/7
  1719 | D:2      | Reached * piety under Sif Muna
  2006 | D:3      | Noticed a scorpion
  2009 | D:3      | Killed a scorpion
  2010 | D:3      | Reached skill level 1 in Short Blades
  2010 | D:3      | Reached skill level 1 in Air Magic
  2010 | D:3      | Reached skill level 1 in Poison Magic
  2010 | D:3      | Reached XP level 5. HP: 39/39 MP: 3/8
  2206 | D:3      | Reached skill level 1 in Fighting
  2542 | D:3      | Identified the +0 scale mail "Igygguh" {rCorr}
  2683 | D:3      | Found an ornate altar of the Wu Jian Council.
  2828 | D:4      | Noticed Sigmund
  2845 | D:4      | Killed Sigmund
  2846 | D:4      | Reached skill level 1 in Invocations
  2846 | D:4      | Reached XP level 6. HP: 47/47 MP: 2/10
  2942 | D:4      | Noticed Menkaure
  2982 | D:4      | Reached ** piety under Sif Muna
  2993 | D:4      | HP: 1/48 [Menkaure (9)]
  2994 | D:4      | Killed Menkaure
  2995 | D:4      | Your scales start taking on a lurid green colour.
  2995 | D:4      | Reached XP level 7. HP: 1/53 MP: 0/12
  2995 | D:4      | Gained mutation: Your system is resistant to poisons.
                  | (rPois) [Green Draconian growth]
  3225 | D:4      | Noticed Ijyb
  3238 | D:4      | Killed Ijyb
  3946 | D:4      | Found a shadowy altar of Dithmenos.
  3946 | D:4      | Found an iron altar of Okawaru.
  4029 | D:4      | Reached skill level 1 in Ranged Weapons
  4378 | D:5      | Entered Level 5 of the Dungeon
  4446 | D:5      | Found a staircase to the Ecumenical Temple.
  4456 | Temple   | Entered the Ecumenical Temple
  4917 | D:5      | Identified the +6 short sword "Finet" {freeze, rN+ Dex+6}
  5262 | D:5      | Reached XP level 8. HP: 62/62 MP: 9/13
  5501 | D:6      | Found a broken altar of Ashenzari.
  5642 | D:6      | Found a radiant altar of Vehumet.
  5659 | D:6      | Found a blossoming altar of Fedhas.
  5787 | D:6      | Found a glowing golden altar of the Shining One.
  5925 | D:6      | Noticed Grinder
  5932 | D:6      | Killed Grinder
  6628 | D:6      | Found a sparkling altar of Nemelex Xobeh.
  6969 | D:7      | Reached *** piety under Sif Muna
  6973 | D:7      | Reached XP level 9. HP: 64/71 MP: 10/15
  7021 | D:7      | Reached skill level 5 in Invocations
  7467 | D:7      | Reached skill level 1 in Evocations
  7472 | D:7      | Reached skill level 5 in Short Blades
  8134 | D:8      | Found a staircase to the Lair.
  8134 | D:8      | Noticed an elephant
  8147 | D:8      | Reached skill level 5 in Dodging
  8162 | D:7      | Killed an elephant
  8369 | D:7      | Learned a level 3 spell: Dazzling Flash
  8520 | D:8      | Reached skill level 1 in Hexes
  8590 | D:8      | Reached XP level 10. HP: 78/80 MP: 12/16
  9128 | D:9      | Reached **** piety under Sif Muna
  9451 | D:9      | Found a basalt altar of Yredelemnul.
  9649 | D:9      | Reached skill level 5 in Fighting
  9804 | D:9      | Learned a level 4 spell: Fulminant Prism
 11065 | D:10     | Entered Level 10 of the Dungeon
 11099 | D:10     | Noticed a vault guard
 11105 | D:10     | Killed a vault guard
 11110 | D:10     | Found a portal to a secret trove of treasure.
 11139 | D:10     | Reached skill level 5 in Stealth
 11249 | D:10     | Noticed a two-headed ogre
 11261 | D:10     | Killed a two-headed ogre
 11262 | D:10     | Reached XP level 11. HP: 68/88 MP: 17/17
 11293 | D:10     | Found a flagged portal.
 11346 | Bailey   | Entered a bailey
 11718 | Bailey   | Reached ***** piety under Sif Muna
 11889 | Bailey   | Noticed an orc knight
 11914 | Bailey   | Killed an orc knight
 11914 | Bailey   | Received a gift from Sif Muna
 12060 | Bailey   | Found the +2 hat of the Bear Spirit {Spirit, Bear, *Rage
                  | Will++}
 12070 | Bailey   | Learned a level 4 spell: Olgreb's Toxic Radiance
 12281 | D:10     | You paid a toll of 2 scrolls of acquirement to enter a
                  | treasure trove
 12282 | Trove    | Entered a treasure trove
 12530 | D:10     | Noticed a two-headed ogre
 12543 | D:10     | Killed a two-headed ogre
 12675 | D:10     | Noticed Harold
 12681 | D:10     | Killed Harold
 13112 | D:10     | Upgraded the game from 0.30.0-29-ga12c61a403 to
                  | 0.30.0-30-g96aa6591b8
 13115 | D:11     | Found Soeloahi's Book Emporium.
 13239 | D:11     | Found Goab's General Store.
 13250 | D:11     | Found Botaimudd's Weapon Shoppe.
 13374 | D:11     | Found Xuda's Weapon Shoppe.
 13429 | D:11     | Found Angupal's Antique Armour Emporium.
 13434 | D:11     | Bought a pair of brightly glowing gloves for 332 gold
                  | pieces
 13434 | D:11     | Identified the +0 pair of gloves of the Sun {rPois Regen+
                  | Str+10 Int-3} (You bought it in a shop on level 11 of the
                  | Dungeon)
 13437 | D:11     | Bought a runed cloak for 262 gold pieces
 13973 | D:12     | Found Soadeinu's General Store.
 13978 | D:12     | Bought a potion of berserk rage for 50 gold pieces
 14245 | D:12     | Found a staircase to the Orcish Mines.
 14301 | D:12     | Acquired 1060 gold pieces
 14754 | D:13     | Reached XP level 12. HP: 96/96 MP: 18/18
 14769 | D:13     | Noticed a centaur warrior
 14777 | D:13     | Killed a centaur warrior
 14778 | D:13     | Reached skill level 5 in Poison Magic
 14834 | D:13     | Noticed a centaur warrior
 14847 | D:13     | Noticed a centaur warrior
 14857 | D:13     | Killed a centaur warrior
 14858 | D:13     | Noticed a six-headed hydra
 14862 | D:13     | Killed a centaur warrior
 14863 | D:13     | Reached skill level 5 in Spellcasting
 14872 | D:13     | Killed a six-headed hydra
 14942 | D:13     | Noticed a catoblepas
 14952 | D:13     | Killed a catoblepas
 14955 | D:13     | Noticed Nessos
 14969 | D:13     | Killed Nessos
 15056 | D:13     | Found a gate leading to a gauntlet.
 15064 | Gauntlet | Entered a Gauntlet
 15064 | Gauntlet | Found a transporter.
 15064 | Gauntlet | Found a transporter.
 15064 | Gauntlet | Found a transporter.
 15077 | Gauntlet | Found a transporter.
 15082 | Gauntlet | Found a transporter.
 15092 | Gauntlet | Noticed a reaper
 15122 | Gauntlet | Found a transporter.
 15122 | Gauntlet | Found a transporter.
 15172 | Gauntlet | Found a transporter.
 15191 | Gauntlet | Found a transporter.
 15205 | Gauntlet | Found a transporter.
 15223 | Gauntlet | Found a transporter.
 15231 | Gauntlet | Found a transporter.
 15382 | Gauntlet | Identified the ring of the Commoners {rPois rN++ Will-
                  | Str+3 Dex+6}
 15399 | Gauntlet | HP: 6/194 [reaper/+4 heavy scythe (41)]
 15407 | Gauntlet | Annihilated by a reaper

Illustrated notes

Levels and vault maps discovered:
D:1:      nzn_arrival_settlement, layout_loops_corners, kennysheep_crisscross,
          minmay_hexomino_r4
D:2:      layout_basic, basic_altar, ebering_ecumenical_altar_petrified,
          minmay_tall_x
D:3:      layout_loops_ring, nzn_wu_jian_council_hall, st_stairs_6
D:4:      layout_basic, gammafunk_temple_overflow_pools, grunt_ministairs_4,
          uniq_ijyb, uniq_menkaure, uniq_sigmund
D:5:      layout_layer_cave, minmay_temple_entry_waves
D:6:      layout_gridville, tso_altar, nicolae_overflow_quartered_altars,
          uniq_grinder
D:7:      layout_gridville
D:8:      layout_basic, david_lair_generic, chequers_serial_rivers_large_b
D:9:      layout_grid_maze, mainiacjoe_overflow_alcove_4, hangedman_incinerator
D:10:     layout_stronghold, enter_trove_5, enter_bailey_4, uniq_harold
D:11:     layout_rooms, serial_shops,
          nicolae_shop_temple_entry_statues_fountains, kennysheep_mini,
          nicolae_shop_hallway_stairs, nicolae_stop_n_shop_1,
          nicolae_stop_n_shop_1
D:12:     layout_irregular_city, hiddenorc1_lemuel, serial_shops,
          nicolae_shop_hallway_plus
D:13:     layout_basic, david_vaults_3, gauntlet_entry_generic, uniq_nessos
Temple:   nicolae_temple_bog_church
Gauntlet: gammafunk_gauntlet_shortcut [gammafunk_gauntlet_arena_arrow_garden,
          gammafunk_gauntlet_arena_teeth, gammafunk_gauntlet_arena_crates,
          gammafunk_gauntlet_arena_split_diamond, nicolae_gauntlet_arena_x,
          gammafunk_gauntlet_arena_hedges,
          nicolae_gauntlet_exit_dead_adventurers]

Skill      XL: |  1  2  3  4  5  6  7  8  9 10 11 12 |
---------------+-------------------------------------+-----
Dodging        | 2 3 4 5 6 7 |  7.4
Conjurations   | 5 6 7 8 |  8.5
Stealth        | 2 3 5 7 8 |  8.4
Short Blades   | 1 2 3 4 5 7 8 |  8.9
Air Magic      | 1 |  1.0
Poison Magic   | 1 4 7 |  7.1
Fighting       | 1 2 3 4 5 6 |  6.7
Spellcasting   | 3 4 5 |  5.0
Invocations    | 1 2 3 4 6 7 8 |  8.4
Ranged Weapons | 1 2 |  2.9
Evocations     | 1 2 4 |  4.0
Hexes          | 1 3 |  3.0

Action                     |  1- 3 |  4- 6 |  7- 9 | 10-12 || total
---------------------------+-------+-------+-------+-------++-------
  Melee: Dagger            |    51 |    46 |    20 |       ||   117
         Tailslap          |     5 |     4 |    23 |    61 ||    93
         Mace              |     9 |       |       |       ||     9
         Punch             |     1 |       |       |       ||     1
         Short sword       |       |       |    76 |   280 ||   356
   Fire: Sling             |       |     9 |     8 |       ||    17
   Cast: Magic Dart        |    26 |     1 |       |       ||    27
         Searing Ray       |     9 |    14 |    45 |    42 ||   110
         Mephitic Cloud    |       |     1 |     1 |    22 ||    24
         Fulminant Prism   |       |       |       |     9 ||     9
         Olgreb's Toxic Ra |       |       |       |     6 ||     6
Ability: Breathe Noxious F |       |       |    12 |    29 ||    41
  Evoke: Wand              |       |     2 |     1 |     6 ||     9
         Box of beasts     |       |       |       |     1 ||     1
    Use: Scroll            |       |       |       |    22 ||    22
         Potion            |       |       |       |     1 ||     1
   Stab: Sleeping          |     1 |       |       |     2 ||     3
         Confused          |       |     1 |     8 |    34 ||    43
         Distracted        |       |       |       |     2 ||     2
 Armour: Skin              |    23 |    23 |    31 |    77 ||   154
  Dodge: Dodged            |    60 |    29 |    74 |   215 ||   378
